 Dungeon Sprint DCSS version 0.27.1-34-g3ba077fa99 (webtiles) character file.

Game seed: 7767435493538131983

42650 Arum the Impregnable (level 14, -3/141 HPs)
             Began as a Formicid Fighter on Jan 15, 2022.
             Was the Champion of Okawaru.
             Killed from afar by an ice dragon (12 damage)
             ... with a blast of cold
             ... in the Dungeon (Sprint IX: "|||||||||||||||||||||||||||||").
             The game lasted 00:12:39 (3654 turns).

Arum the Impregnable (Formicid Fighter)             Turns: 3654, Time: 00:12:39

Health: -3/141     AC: 27    Str: 25    XL:     14   Next: 56%
Magic:  17/20      EV: 19    Int:  9    God:    Okawaru [******]
Gold:   698        SH: 20    Dex: 13    Spells: 13/13 levels left

rFire    . . .     SeeInvis +   j - +5 lajatang
rCold    . . .     Faith    .   c - +4 kite shield
rNeg     . . .     Spirit   .   r - +1 chain mail {Will+}
rPois    +         Reflect  .   (helmet unavailable)
rElec    .         Harm     .   A - +1 cloak of Starlight {*Dazzle EV+4 Stlth--}
rCorr    .         Rampage  .   v - +0 pair of fencer's gloves {Riposte Dex+3}
Will     ++...                  k - +1 pair of boots
Stlth    ..........             (no amulet)
HPRegen  0.33/turn              y - ring of poison resistance
MPRegen  0.17/turn              n - +2 ring of evasion

@: heroic, finesse-ful
A: permanent stasis, dig shafts and tunnels, antennae 3, four strong arms
a: Dig, Renounce Religion, Heroism, Finesse


You were in the Dungeon.
You worshipped Okawaru.
Okawaru was exalted by your worship.
You visited 1 branch You collected 1912 gold pieces.
You spent 1214 gold pieces at shops.

Inventory:

Hand Weapons
 a - a +0 quarterstaff
 j - a +5 lajatang (weapon)
Missiles
 u - 3 throwing nets
Armour
 c - a +4 kite shield (worn)
 k - a +1 pair of boots (worn)
 m - a +1 tower shield of resistance
 r - a +1 chain mail of willpower (worn)
 v - the +0 pair of fencer's gloves (worn) {Riposte Dex+3}
   (You bought it in a shop in the Dungeon)

   It allows the wearer to riposte with any weapon, or to riposte more often
   with a long blade, swiftly retaliating against a missed attack.
   Dex:       It affects your dexterity (+3).
 A - the +1 cloak of Starlight (worn) {*Dazzle EV+4 Stlth--}
   (You found it in the Dungeon)

   It may blind those who miss an attack against the wearer in melee combat.
   EV:        It affects your evasion (+4).
   Stlth:     It makes you much less stealthy.
Jewellery
 l - a ring of fire
 n - a +2 ring of evasion (right hand)
 o - a +2 ring of protection
 x - a ring of protection from cold
 y - a ring of poison resistance (left hand)
 z - a ring of protection from fire
Scrolls
 h - 2 scrolls of amnesia
 s - a scroll of fear
 w - 2 scrolls of enchant armour
Potions
 b - 2 potions of might
 d - a potion of invisibility
 e - 5 potions of curing
 f - a potion of mutation
 g - 4 potions of magic
 i - a potion of lignification {unknown}
 p - 6 potions of heal wounds
 q - a potion of resistance
 t - 3 potions of attraction


   Skills:
 + Level 22.4(27) Fighting
 - Level 16.0(21.0) Staves
 + Level 22.4(27) Armour
 - Level 5.0(10.0) Dodging
 - Level 15.0(20.0) Shields
 - Level 8.0 Invocations


You had 13 spell levels left.
You didn't know any spells.
Your spell library was empty.

Dungeon Overview and Level Annotations

Branches:
Dungeon (1/1)

Altars:
Cheibriados
Dithmenos
Elyvilon
Fedhas
Gozag
Hepliaklqana
Kikubaaqudgha
Makhleb
Nemelex Xobeh
Okawaru
Qazlal
Ru
Sif Muna
Trog
Uskayaw
Vehumet
Wu Jian
Xom
Yredelemnul
Zin
The Shining One
Beogh
Jiyva
Lugonu

Shops:
D [[([


Innate Abilities, Weirdness & Mutations

You cannot be hasted, slowed, berserked, paralysed or teleported.
You can dig through walls and to a lower floor.
You have a pair of large antennae on your head. (SInv)
Your four strong arms can wield two-handed weapons with a shield.


Message History

You hit the frost giant.
The frost giant is moderately wounded.
You hit the frost giant but do no damage.
The frost giant is moderately wounded.
You feel much better. You block the frost giant's attack.
The glowing orange brain pulsates.
The glowing orange brain radiates an aura of fear!
You resist with almost no effort.
You carve the frost giant like a ham!!!
The frost giant is almost dead.
A deep troll shaman comes into view.
The frost giant closely misses you.
You slice the frost giant like a ripe choko!!!
You kill the frost giant!
Okawaru is honoured by your kill.
Base training target 15.0 for Shields reached!
Your base Shields skill increases to level 15!
You slice the glowing orange brain!!
The glowing orange brain is heavily wounded.
You slice the glowing orange brain!!
You kill the glowing orange brain!
Okawaru accepts your kill.
You feel much better.
You hit the red very ugly thing.
The red very ugly thing is lightly wounded.
The red very ugly thing barely misses you.
You riposte.
You slice the red very ugly thing!!
The red very ugly thing is moderately wounded.
You cut the red very ugly thing into ribbons!!!
The red very ugly thing is severely wounded.
You carve the red very ugly thing like a ham!!!
You kill the red very ugly thing!
Okawaru is honoured by your kill. The ice dragon breathes frost at you.
The blast of cold hits the ice dragon!
The ice dragon resists.
The blast of cold hits you!!!
* * * LOW HITPOINT WARNING * * *
The ice dragon breathes frost at you. The blast of cold hits you!
You die...

▓.▓.▓.▓.▓.▓.▓.▓.▓.
▓.▓.▓.▓.▓.▓.▓)▓.▓)
▓.▓.▓.▓.▓.▓.▓.▓.▓[
{▓.▓.▓'▓.▓)▓.▓)▓.▓(
▓[▓.▓)▓.▓)▓.▓)▓.▓?
▓'▓.▓(▓.▓)▓.▓)▓.▓.
▓(▓.▓†▓.▓)▓.▓)▓.▓.
▓[▓.▓°▓.▓)▓.▓)▓.▓.
▓@▓.▓)▓.▓)▓.▓)▓.▓.
▓)▓.▓†▓.▓)▓.▓.▓.▓÷
{▓D▓.▓.▓.▓)▓.▓)▓.▓.
▓.▓.▓(▓.▓.▓.▓)▓.▓.
▓D▓)▓)▓.▓[▓.▓)▓.▓.
▓G▓.▓'▓.▓[▓.▓.▓.▓.
▓T▓.▓†▓.▓[▓.▓.▓.▓.
▓.▓.▓.▓.▓[▓.▓)▓.▓.
▓.▓.▓.▓[▓.▓[▓.▓.


You could see 2 ice dragons, a great orb of eyes and a deep troll shaman.

Vanquished Creatures
  Donald (D)
  A frost giant (D)
  A ghost moth (D)
  A very ugly thing (D)
  Nessos (D)
  2 stone giants (D)
  A vampire knight (D)
  An eleionoma (D)
  A merfolk impaler (D)
  3 rakshasas (D)
  2 ice dragons (D)
  Erolcha (D)
  3 naga warriors (D)
  2 centaur warriors (D)
  A boulder beetle (D)
  2 alligator snapping turtles (D)
  A ghost crab (D)
  A merfolk aquamancer (D)
  A hydra (D)
  A deep troll shaman (D)
  A deep troll earth mage (D)
  A naga sharpshooter (D)
  A spriggan (D)
  An orc high priest (D)
  A hell knight (D)
  A shock serpent (D)
  A glowing orange brain (D)
  A sea snake (D)
  A swamp dragon (D)
  An orc knight (D)
  A deep elf pyromancer (D)
  An orb spider (D)
  5 orc sorcerers (D)
  3 ugly things (D)
  A mana viper (D)
  A wolf spider (D)
  2 manticores (D)
  A will-o-the-wisp (D)
  4 cyclopes (D)
  A merfolk siren (D)
  2 black mambas (D)
  A naga mage (D)
  7 cane toads (D)
  A guardian serpent (D)
  An efreet (D)
  Psyche (D)
  A komodo dragon (D)
  2 jumping spiders (D)
  A demonic crawler (D)
  A merfolk (D)
  A troll (D)
  2 hornets (D)
  2 blink frogs (D)
  2 redbacks (D)
  A wraith (D)
  5 yaks (D)
  3 basilisks (D)
  A tarantella (D)
  4 water moccasins (D)
  13 orc warriors (D)
  A sky beast (D)
  A black bear (D)
  A wolf (D)
  6 bullfrogs (D)
  3 orc priests (D)
  An iguana (D)
  11 orc wizards (D)
  A shadow imp (D)
  7 orcs (D)
  3 hobgoblins (D)
  A jackal (D)
  A kobold (D)
147 creatures vanquished.

Vanquished Creatures (others)
  A hydra (D)
  2 spriggan druids (D)
  A spriggan (D)
  A foxfire (D)
5 creatures vanquished.

Grand Total: 152 creatures vanquished

Notes
Turn   | Place    | Note
-------+----------+-------------------------------------------
     0 | D        | Arum the Formicid Fighter began the quest for the Orb.
     0 | D        | Reached XP level 1. HP: 18/18 MP: 1/1
    18 | D        | Reached XP level 2. HP: 20/25 MP: 2/2
    87 | D        | Noticed a sky beast
    87 | D        | Noticed a black bear
    97 | D        | Killed a sky beast
    98 | D        | Reached skill level 5 in Fighting
    98 | D        | Reached skill level 5 in Armour
    98 | D        | Reached XP level 3. HP: 22/34 MP: 3/3
    98 | D        | Reached XP level 4. HP: 26/40 MP: 4/4
    98 | D        | Reached XP level 5. HP: 30/46 MP: 5/5
   102 | D        | Killed a black bear
   103 | D        | Reached skill level 5 in Staves
   103 | D        | Reached XP level 6. HP: 23/53 MP: 6/6
   112 | D        | Found a snail-covered altar of Cheibriados.
   112 | D        | Found a shadowy altar of Dithmenos.
   112 | D        | Found a white marble altar of Elyvilon.
   112 | D        | Found a blossoming altar of Fedhas.
   112 | D        | Found an opulent altar of Gozag.
   113 | D        | Found a hazy altar of Hepliaklqana.
   114 | D        | Found a viscous altar of Jiyva.
   115 | D        | Found an ancient bone altar of Kikubaaqudgha.
   116 | D        | Found a corrupted altar of Lugonu.
   117 | D        | Found a burning altar of Makhleb.
   118 | D        | Found a sparkling altar of Nemelex Xobeh.
   119 | D        | Found an iron altar of Okawaru.
   120 | D        | Found a stormy altar of Qazlal.
   121 | D        | Found a sacrificial altar of Ru.
   122 | D        | Found a shimmering blue altar of Sif Muna.
   123 | D        | Found a bloodstained altar of Trog.
   124 | D        | Found a hide-covered altar of Uskayaw.
   125 | D        | Found a radiant altar of Vehumet.
   126 | D        | Found an ornate altar of the Wu Jian Council.
   127 | D        | Became a worshipper of Warmaster Okawaru
   128 | D        | Found a shimmering altar of Xom.
   129 | D        | Found a basalt altar of Yredelemnul.
   130 | D        | Found a glowing silver altar of Zin.
   131 | D        | Found a glowing golden altar of the Shining One.
   274 | D        | Noticed a yak
   274 | D        | Noticed a yak
   274 | D        | Noticed a wraith
   274 | D        | Noticed an orc warrior
   274 | D        | Noticed a troll
   274 | D        | Noticed a yak
   278 | D        | Killed a yak
   292 | D        | Killed a yak
   292 | D        | Reached * piety under Okawaru
   293 | D        | Reached XP level 7. HP: 61/64 MP: 7/7
   295 | D        | Killed a wraith
   302 | D        | Reached skill level 10 in Fighting
   302 | D        | Reached skill level 10 in Armour
   302 | D        | Reached XP level 8. HP: 71/72 MP: 5/8
   303 | D        | Killed a troll
   303 | D        | Reached ** piety under Okawaru
   305 | D        | Killed a yak
   329 | D        | Noticed a deep elf pyromancer
   329 | D        | Noticed a centaur warrior
   329 | D        | Noticed a basilisk
   329 | D        | Noticed an efreet
   329 | D        | Noticed a cyclops
   329 | D        | Noticed a manticore
   331 | D        | Killed a deep elf pyromancer
   331 | D        | Reached *** piety under Okawaru
   332 | D        | Reached skill level 10 in Staves
   332 | D        | Reached XP level 9. HP: 82/82 MP: 6/9
   338 | D        | Killed a centaur warrior
   381 | D        | Killed an efreet
   392 | D        | Killed a cyclops
   392 | D        | Reached **** piety under Okawaru
   393 | D        | Reached XP level 10. HP: 42/91 MP: 8/10
   403 | D        | Killed a manticore
   404 | D        | Reached skill level 5 in Dodging
   707 | D        | Noticed a cane toad
   707 | D        | Noticed a cane toad
   714 | D        | Reached skill level 1 in Invocations
   726 | D        | Killed a cane toad
   728 | D        | Killed a cane toad
   729 | D        | Noticed a cane toad
   729 | D        | Noticed a cane toad
   739 | D        | Killed a cane toad
   739 | D        | Reached ***** piety under Okawaru
   740 | D        | Reached skill level 5 in Invocations
   747 | D        | Killed a cane toad
   954 | D        | Noticed a komodo dragon
   954 | D        | Noticed a six-headed hydra
   954 | D        | Noticed a cane toad
   959 | D        | Killed a komodo dragon
   966 | D        | Killed a six-headed hydra
   967 | D        | Reached XP level 11. HP: 84/101 MP: 7/16
  1100 | D        | Reached skill level 15 in Armour
  1109 | D        | Reached skill level 15 in Fighting
  1122 | D        | Received a gift from Okawaru
  1373 | D        | Noticed an orc high priest
  1391 | D        | Killed an orc high priest
  1626 | D        | Found Nobopuku's Armour Emporium.
  1626 | D        | Noticed an orc sorcerer
  1626 | D        | Noticed an orc sorcerer
  1636 | D        | Killed an orc sorcerer
  1638 | D        | Found Qysoeceth's Antique Armour Shoppe.
  1652 | D        | Killed an orc sorcerer
  1653 | D        | Reached XP level 12. HP: 113/113 MP: 12/18
  1658 | D        | Found Kaestiel's Weapon Emporium.
  1665 | D        | Found Joluliux's Antique Armour Shoppe.
  1677 | D        | Received a gift from Okawaru
  1894 | D        | Bought the +0 pair of fencer's gloves {Riposte Dex+3} for
                  | 920 gold pieces
  1894 | D        | Found the +0 pair of fencer's gloves {Riposte Dex+3}
  1929 | D        | Bought a pair of embroidered boots for 142 gold pieces
  1929 | D        | Bought a runed scarf for 152 gold pieces
  1979 | D        | Noticed Psyche
  1985 | D        | Killed Psyche
  2060 | D        | Found the +1 cloak of Starlight {*Dazzle EV+4 Stlth--}
  2103 | D        | Noticed a boulder beetle
  2109 | D        | Noticed a centaur warrior
  2129 | D        | Noticed a rakshasa
  2129 | D        | Noticed a vampire knight
  2132 | D        | Noticed a deep troll earth mage
  2136 | D        | Killed a centaur warrior
  2148 | D        | Noticed a hell knight
  2150 | D        | Killed a boulder beetle
  2151 | D        | Noticed a stone giant
  2158 | D        | Killed a vampire knight
  2159 | D        | Noticed a rakshasa
  2160 | D        | Noticed a rakshasa
  2164 | D        | Killed a rakshasa
  2169 | D        | Killed a deep troll earth mage
  2176 | D        | Killed a stone giant
  2177 | D        | Reached XP level 13. HP: 58/126 MP: 14/19
  2189 | D        | Killed a rakshasa
  2481 | D        | Noticed Donald
  2498 | D        | Killed Donald
  2498 | D        | Received a gift from Okawaru
  2728 | D        | Noticed a merfolk impaler
  2729 | D        | Noticed an alligator snapping turtle
  2733 | D        | Noticed an alligator snapping turtle
  2758 | D        | Killed a merfolk impaler
  2759 | D        | Reached skill level 10 in Shields
  2771 | D        | Killed an alligator snapping turtle
  2782 | D        | Killed an alligator snapping turtle
  2782 | D        | Reached ****** piety under Okawaru
  2812 | D        | Noticed a ghost moth
  2837 | D        | Killed a ghost moth
  2838 | D        | Reached skill level 15 in Staves
  2960 | D        | Noticed a naga warrior
  2960 | D        | Noticed a naga warrior
  2961 | D        | Noticed a naga warrior
  2977 | D        | Killed a naga warrior
  2991 | D        | Killed a naga warrior
  2998 | D        | Killed a naga warrior
  2999 | D        | Reached XP level 14. HP: 65/138 MP: 15/20
  3482 | D        | Noticed Nessos
  3489 | D        | Killed Nessos
  3553 | D        | Noticed Erolcha
  3560 | D        | Killed Erolcha
  3605 | D        | Noticed a stone giant
  3605 | D        | Noticed a frost giant
  3618 | D        | Received a gift from Okawaru
  3622 | D        | Killed a stone giant
  3629 | D        | Noticed a red very ugly thing
  3648 | D        | Killed a frost giant
  3649 | D        | Reached skill level 15 in Shields
  3654 | D        | Killed a red very ugly thing
  3654 | D        | Killed from afar by an ice dragon

Illustrated notes

Levels and vault maps discovered:
D:        linesprint [early_d, line_temple, items_1, d_10, items_2, lair_1,
          lair_end, items_3, orc_1, orc_end, items_4, d_15, swamp_1, shoals_1,
          snake_1, spider_1, d_20, vaults_1, items_5, swamp_end, shoals_end,
          snake_end, spider_end, vaults_end, d_27, items_6, zot_1, zot_end,
          crypt_end, forest_end, elf_end, slime_end, tomb_end, abyss_end,
          pan_hell_end]

Skill      XL: |  1  2  3  4  5  6  7  8  9 10 11 12 13 14 |
---------------+-------------------------------------------+-----
Shields        | 4 6 7 9 12 15 | 15.0
Fighting       | 5 6 9 10 11 12 14 16 19 21 22 | 22.4
Staves         | 4 5 7 8 10 11 13 14 15 16 | 16.0
Armour         | 5 6 9 10 11 12 14 16 19 21 22 | 22.4
Dodging        | 4 5 |  5.0
Invocations    | 7 8 |  8.0

Action                   |  1- 3 |  4- 6 |  7- 9 | 10-12 | 13-15 || total
-------------------------+-------+-------+-------+-------+-------++-------
Melee: Quarterstaff      |    22 |     8 |       |     6 |       ||    36
       Lajatang          |       |    17 |    44 |   309 |   222 ||   592
Invok: Heroism           |       |       |     4 |    10 |     6 ||    20
       Finesse           |       |       |       |     5 |     7 ||    12
Evoke: Wand              |       |       |     1 |     3 |     6 ||    10
  Use: Potion            |     1 |     1 |     1 |     1 |     2 ||     6
       Scroll            |       |       |       |     9 |       ||     9
 Stab: Invisible         |       |       |       |     2 |     2 ||     4
Armor: Scale mail        |     9 |     2 |       |       |       ||    11
       Chain mail        |       |     3 |    12 |    30 |    27 ||    72
Dodge: Dodged            |     5 |     5 |    15 |    50 |    45 ||   120
Block: Kite shield       |     6 |    11 |    17 |   109 |   109 ||   252
       Rpst.: Lajatang   |       |       |       |     2 |    13 ||    15
